 Dungeon Crawl Stone Soup version 0.24.0-13-gcf9b319 (webtiles) character file.

Game seed: 2582634261265884774, levelgen mode: deterministic

251 Boetheseconed the Insei (level 5, -8/45 HPs)
             Began as a Demonspawn Monk on Dec 14, 2019.
             Mangled by a wight
             ... wielding a cursed +3 flail
              (13 damage)
             ... on level 3 of the Dungeon.
             The game lasted 00:12:31 (3146 turns).

Boetheseconed the Insei (Demonspawn Monk)           Turns: 3146, Time: 00:12:38

Health: -8/45      AC:  2    Str: 11    XL:     5   Next: 88%
Magic:  5/5        EV: 19    Int: 12    God:
Gold:   73         SH:  0    Dex: 21    Spells: 4/4 levels left

rFire    . . .     SeeInvis .     - Unarmed
rCold    . . .     Gourm    .   (no shield)
rNeg     . . .     Faith    .   a - +0 robe
rPois    .         Spirit   .   (helmet restricted)
rElec    .         Reflect  .   (no cloak)
rCorr    .         Harm     .   (no gloves)
MR       .....                  (no boots)
Stlth    ++++......             (no amulet)
HPRegen  0.15/turn              (no ring)
MPRegen  0.09/turn              (no ring)

@: agile, drained
A: horns 1, robust 1, spiny 2, rot immunity
a: no special abilities


You were on level 3 of the Dungeon.
You were not hungry.

You visited 1 branch of the dungeon, and saw 3 of its levels.

You collected 73 gold pieces.

Inventory:

Hand Weapons
 o - a +0 club
Missiles
 r - 6 atropa-tipped darts (quivered)
Armour
 a - a +0 robe (worn)
 m - a +0 animal skin
 n - a +0 helmet
Scrolls
 c - 3 scrolls of remove curse {unknown}
 e - a scroll of identify {unknown}
 j - a scroll of teleportation {unknown}
 q - a scroll of fear {unknown}
Potions
 d - a potion of curing {unknown}
 f - a potion of agility
 g - a potion of might
 h - a potion of lignification {unknown}
 i - a potion of haste {unknown}
 k - a potion of mutation
 l - a potion of heal wounds {unknown}
Comestibles
 b - 4 rations
 p - 10 chunks of flesh


   Skills:
 + Level 3.5(3.0) Fighting
 + Level 3.8(3.2) Dodging
 + Level 3.2(2.6) Stealth
 + Level 4.3(3.7) Unarmed Combat


You had 4 spell levels left.
You didn't know any spells.
Your spell library was empty.

Dungeon Overview and Level Annotations

Branches:
Dungeon (3/15)

Altars:
Hepliaklqana
Makhleb
Qazlal
Wu Jian
Zin


Innate Abilities, Weirdness & Mutations

You are mostly covered in sharp spines.
You are immune to rotting.
You have a pair of small horns on your head.
You are robust. (+10% HP)


Message History

* * * LOW HITPOINT WARNING * * *
The wight hits you from afar with a +4 spear.
* * * LOW HITPOINT WARNING * * *
You feel drained.
You see here a dart slug corpse.
There is an open door here.
Throwing (i - inventory)
r - 7 atropa-tipped darts (quivered)
Press: ? - help, Shift-Dir - straight line, f - wight
Aim: a wight, wielding a +4 spear and wearing a +0 robe (severely damaged, immune to darts)
You throw an atropa-tipped dart. The atropa-tipped dart hits the wight.
The wight is unaffected.
The wight is severely damaged.
The wight closely misses you.
You hit the wight.
The wight is lightly damaged.
The wight hits you with a +4 spear!
* * * LOW HITPOINT WARNING * * *
You feel drained.
The wight hits you with a cursed +3 flail!
You die...

#_##.# #.#.#.####
##.##.# #.#.#÷# #...#..
#.#.#.#
##...#########.#)#.#
#.....#..)....z..#.#
###.....########.###.#
###....8....### #.# #.#
###......#.....z####.#
#.#
#_.....8###8.÷.@z.'..#
#.#
###......#.)..(.###..#
#.#
###.)..8....##########.#
###.....####.........#
#.....##.#.......###
##..[###.#.#####.# #...#
#.#.#####.# ##.##
#.........# #_#
###.#######


You could see 2 wights.

Vanquished Creatures
  2 wights (D:3)
  Terence (D:2)
  Robin (D:2)
  3 adders
  2 oozes
  2 worms (D:2)
  3 dart slugs
  2 leopard geckos (D:1)
  A giant cockroach (D:2)
  21 goblins
  7 hobgoblins
  6 jackals
  10 kobolds
  3 quokkas
  13 bats
  2 frilled lizards (D:2)
  7 rats
86 creatures vanquished.

Notes
Turn   | Place    | Note
-------+----------+-------------------------------------------
     0 | D:1      | Boetheseconed the Demonspawn Monk began the quest for the
                  | Orb.
     0 | D:1      | Reached XP level 1. HP: 18/18 MP: 1/1
    93 | D:1      | Gained mutation: You are partially covered in sharp spines.
                  | [demonic ancestry]
    93 | D:1      | Reached XP level 2. HP: 6/24 MP: 2/2
   641 | D:1      | Reached skill level 3 in Unarmed Combat
   830 | D:1      | Gained mutation: You are immune to rotting. [demonic
                  | ancestry]
   830 | D:1      | Reached XP level 3. HP: 28/29 MP: 3/3
  1571 | D:2      | Noticed Terence
  1693 | D:2      | Killed Terence
  1693 | D:2      | Gained mutation: You are mostly covered in sharp spines.
                  | [demonic ancestry]
  1693 | D:2      | Reached XP level 4. HP: 18/35 MP: 4/4
  1841 | D:2      | Noticed Robin
  1878 | D:2      | Killed Robin
  2349 | D:2      | Found a burning altar of Makhleb.
  2349 | D:2      | Found a hazy altar of Hepliaklqana.
  2566 | D:2      | Reached XP level 5. HP: 36/41 MP: 5/5
  2998 | D:3      | Found an ornate altar of the Wu Jian Council.
  3009 | D:3      | Reached skill level 4 in Unarmed Combat
  3023 | D:3      | Found a glowing silver altar of Zin.
  3031 | D:3      | Found a stormy altar of Qazlal.
  3106 | D:3      | Gained mutation: You have a pair of small horns on your
                  | head. [potion of mutation]
  3106 | D:3      | Gained mutation: You are robust. (+10% HP) [potion of
                  | mutation]
  3146 | D:3      | Mangled by a wight

Levels and vault maps discovered:
D:1:      dpeg_arrival_morbid_curiosity, layout_loops_corners
D:2:      layout_loops_ring, gammafunk_temple_overflow_elements, first_ration,
          uniq_robin, uniq_terence
D:3:      layout_basic, minmay_overflow_temple_star_quad, bloody_trog,
          nicolae_qazlal_general_emergency

Skill      XL: |  1  2  3  4  5 |
---------------+----------------+-----
Dodging        | 3 |  3.8
Stealth        | 2 3 |  3.2
Unarmed Combat | 3 4 |  4.3
Fighting       | |  3.5

Action                   |  1- 3 |  4- 6 || total
-------------------------+-------+-------++-------
Melee: Unarmed           |   112 |    92 ||   204
       Punch             |       |     1 ||     1
       Headbutt          |       |     5 ||     5
Throw: Dart              |       |     1 ||     1
  Use: Potion            |     2 |     2 ||     4
 Stab: Sleeping          |     4 |    10 ||    14
  Eat: Chunk             |     2 |     5 ||     7
Armor: Robe              |    20 |    12 ||    32
Dodge: Dodged            |    74 |    34 ||   108
